[Event "Sheikh Russel GM 2021"]
[Site "Dhaka"]
[Date "2021.10.24"]
[Round "6.16"]
[White "Aronyak Ghosh"]
[Black "Himanshu, Sharma"]
[Result "1-0"]
[ECO "A45"]
[WhiteElo "2445"]
[BlackElo "2394"]
[Annotator "ChessBase"]
[PlyCount "62"]
[EventDate "2021.10.19"]
[EventType "swiss"]
[EventCountry "BAN"]
[SourceTitle "playchess.com"]
[Source "ChessBase"]
[SourceQuality "1"]
[TimeControl "40/5400+30:1800+30"]

1. d4 Nf6 2. Bf4 c5 3. d5 b5 4. f3 Qa5+ 5. c3 d6 6. e4 g6 7. Nd2 Bg7 8. a4 b4 9. Nc4 Qd8 10. cxb4 cxb4 11. Ne2 O-O 12. Nd4 Nfd7 13. Be3 Nc5 14. Be2 Bd7 15. O-O Nba6 16. Re1 b3 17. Qd2 Rb8 18. Nb5 Nxa4 19. Na5 Rxb5 20. Rxa4 Nc5 21. Bxb5 Nxa4 22. Nc6 Bxc6 23. dxc6 Nb6 24. Ra1 Qc7 25. Ra3 Rb8 26. Rxb3 a6 27. Bxa6 Qxc6 28. Qa5 Qc2 29. Rxb6 Ra8 30. Qb4 Qd1+ 31. Bf1 Rf8 1-0

[Event "Sheikh Russel GM 2021"]
[Site "Dhaka"]
[Date "2021.10.24"]
[Round "6.17"]
[White "Murshed, Niaz"]
[Black "Malakhatko, Vadim"]
[Result "0-1"]
[ECO "A25"]
[WhiteElo "2410"]
[BlackElo "2444"]
[Annotator "ChessBase"]
[PlyCount "78"]
[EventDate "2021.10.19"]
[EventType "swiss"]
[EventCountry "BAN"]
[SourceTitle "playchess.com"]
[Source "ChessBase"]
[SourceQuality "1"]
[TimeControl "40/5400+30:1800+30"]

1. c4 e5 2. g3 Nc6 3. Bg2 g6 4. Nc3 Bg7 5. e3 Nge7 6. Nge2 d6 7. d3 h5 8. h3 O-O 9. Rb1 a5 10. h4 Bg4 11. a3 Qc8 12. Bd2 Nd8 13. Nd5 Nxd5 14. cxd5 a4 15. Rc1 c5 16. dxc6 bxc6 17. Qc2 Be6 18. Bc3 Qa6 19. O-O Rb8 20. Rfe1 Bb3 21. Qd2 Ne6 22. d4 c5 23. Kh2 Qa7 24. d5 Nc7 25. f4 Nb5 26. f5 Bh6 27. g4 hxg4 28. Ng3 Qe7 29. Qf2 Qxh4+ 30. Kg1 Nc7 31. Ne4 g3 32. Nxg3 Nxd5 33. Bxd5 Bxd5 34. Rcd1 Ba8 35. Rxd6 Rbd8 36. Rb6 Qg4 37. Bxe5 Rd5 38. Bd6 Rxf5 39. Qe2 Rf3 0-1

[Event "Sheikh Russel GM 2021"]
[Site "Dhaka"]
[Date "2021.10.24"]
[Round "6.18"]
[White "Abdisalimov, Abdimalik"]
[Black "Gleizerov, Evgeny"]
[Result "1-0"]
[ECO "A80"]
[WhiteElo "2406"]
[BlackElo "2443"]
[Annotator "ChessBase"]
[PlyCount "103"]
[EventDate "2021.10.19"]
[EventType "swiss"]
[EventCountry "BAN"]
[SourceTitle "playchess.com"]
[Source "ChessBase"]
[SourceQuality "1"]
[TimeControl "40/5400+30:1800+30"]

1. d4 e6 2. Nf3 f5 3. Bf4 Nf6 4. e3 Be7 5. Be2 O-O 6. O-O b6 7. c4 Bb7 8. Nc3 Ne4 9. Nxe4 fxe4 10. Nd2 c5 11. dxc5 bxc5 12. Qc2 d5 13. Qb3 Qb6 14. Bg4 Bc8 15. Rfd1 Qxb3 16. Nxb3 Na6 17. cxd5 exd5 18. Bxc8 Raxc8 19. Rxd5 Nb4 20. Re5 Bd6 21. Rxe4 Bxf4 22. exf4 Nd3 23. Na5 Nxb2 24. Rb1 Nd3 25. g3 Rc7 26. Kf1 Nb4 27. a3 Nd5 28. Rb3 Nb6 29. Nc4 Nxc4 30. Rxc4 Rf6 31. Ke2 Kf7 32. Re3 Rb6 33. g4 Rb2+ 34. Kf3 Rd2 35. h4 h6 36. f5 Rd5 37. Rec3 Ke7 38. Re3+ Kd7 39. a4 Kc6 40. Kf4 Rd4+ 41. Rxd4 cxd4 42. Re8 Rd7 43. Ke4 d3 44. Rc8+ Kb6 45. Rc1 d2 46. Rd1 Kc5 47. Ke3 Rd4 48. f3 h5 49. Rxd2 Rxa4 50. g5 Rxh4 51. Rd7 Ra4 52. g6 1-0

[Event "Sheikh Russel GM 2021"]
[Site "Dhaka"]
[Date "2021.10.24"]
[Round "6.19"]
[White "Ulybin, Mikhail"]
[Black "Lodhi, Mahmood"]
[Result "1-0"]
[ECO "C90"]
[WhiteElo "2443"]
[BlackElo "2315"]
[Annotator "ChessBase"]
[PlyCount "89"]
[EventDate "2021.10.19"]
[EventType "swiss"]
[EventCountry "BAN"]
[SourceTitle "playchess.com"]
[Source "ChessBase"]
[SourceQuality "1"]
[TimeControl "40/5400+30:1800+30"]

1. e4 e5 2. Nf3 Nc6 3. Bb5 a6 4. Ba4 Nf6 5. O-O Be7 6. Re1 b5 7. Bb3 d6 8. a4 Bg4 9. c3 O-O 10. d3 Na5 11. Bc2 c5 12. Nbd2 b4 13. h3 Bh5 14. cxb4 cxb4 15. b3 Nc6 16. Bb2 Nd7 17. g4 Bg6 18. Nc4 Nc5 19. d4 exd4 20. Nxd4 Nxd4 21. Bxd4 Ne6 22. Bb6 Qb8 23. Be3 Bf6 24. Rc1 Bc3 25. Rf1 Nc5 26. Qd5 Re8 27. f3 Re6 28. Rcd1 Nd7 29. g5 Bh5 30. Kg2 Ne5 31. Nxd6 h6 32. h4 Ng6 33. Nf5 Re5 34. Qd6 Qxd6 35. Rxd6 Rxf5 36. exf5 Nxh4+ 37. Kf2 Bxf3 38. gxh6 Bg4 39. Kg3 Be2 40. Rf2 Be1 41. Kxh4 Rc8 42. Bb1 Rc3 43. Rd8+ Kh7 44. hxg7 Kxg7 45. f6# 1-0

[Event "Sheikh Russel GM 2021"]
[Site "Dhaka"]
[Date "2021.10.24"]
[Round "6.20"]
[White "Shahil Dey"]
[Black "Mohammad Nubairshah Shaikh"]
[Result "1/2-1/2"]
[ECO "B15"]
[WhiteElo "2398"]
[BlackElo "2440"]
[Annotator "ChessBase"]
[PlyCount "100"]
[EventDate "2021.10.19"]
[EventType "swiss"]
[EventCountry "BAN"]
[SourceTitle "playchess.com"]
[Source "ChessBase"]
[SourceQuality "1"]
[TimeControl "40/5400+30:1800+30"]

1. e4 g6 2. d4 Bg7 3. Nc3 c6 4. Be3 d5 5. Qd2 dxe4 6. Nxe4 Nd7 7. Nf3 Ngf6 8. Nxf6+ Nxf6 9. Bc4 O-O 10. O-O Bf5 11. c3 Ne4 12. Qe2 Nd6 13. Bb3 a5 14. Bc2 a4 15. Bf4 Bxc2 16. Qxc2 Qa5 17. Rfe1 Rfe8 18. Be5 Bh6 19. h4 Qd5 20. h5 b5 21. hxg6 hxg6 22. Nh4 Kh7 23. f4 Qe6 24. Bxd6 Qxd6 25. f5 c5 26. fxg6+ fxg6 27. Rad1 Ra6 28. Qe4 a3 29. b3 cxd4 30. cxd4 Qf4 31. d5 Rf6 32. Nf3 Qg3 33. Rd3 Bf4 34. Qd4 Rf5 35. Ng5+ Rxg5 36. Rxg3 Bxg3 37. Re4 Rf5 38. Qd3 Bf2+ 39. Kf1 Bc5+ 40. Ke2 Rf2+ 41. Kd1 Rf5 42. Rh4+ Kg8 43. Qc3 Rxd5+ 44. Kc2 Kf7 45. b4 Bd6 46. Qc6 Rg5 47. Rh7+ Kg8 48. Qxe8+ Kxh7 49. Qf7+ Kh6 50. Qf8+ Kh7 1/2-1/2

[Event "Sheikh Russel GM 2021"]
[Site "Dhaka"]
[Date "2021.10.24"]
[Round "6.21"]
[White "Rahman, Ziaur"]
[Black "Mehdi Hasan Parag"]
[Result "1-0"]
[ECO "D02"]
[WhiteElo "2431"]
[BlackElo "2154"]
[Annotator "ChessBase"]
[PlyCount "73"]
[EventDate "2021.10.19"]
[EventType "swiss"]
[EventCountry "BAN"]
[SourceTitle "playchess.com"]
[Source "ChessBase"]
[SourceQuality "1"]
[TimeControl "40/5400+30:1800+30"]

1. d4 d5 2. Nf3 Nf6 3. c3 c5 4. dxc5 Nc6 5. e3 e5 6. b4 e4 7. Nd4 Ne5 8. Nd2 a5 9. Bb2 Be7 10. a3 O-O 11. h3 Bd7 12. Be2 b6 13. cxb6 Qxb6 14. O-O Rfc8 15. Rc1 Rc7 16. b5 Rac8 17. a4 Ne8 18. f4 exf3 19. N2xf3 Nc4 20. Bxc4 dxc4 21. Qc2 Qh6 22. Rce1 Rc5 23. Ba3 Bd6 24. Bxc5 Rxc5 25. e4 Rh5 26. Nf5 Bc5+ 27. Kh1 Qb6 28. Qd1 Bc8 29. Ne5 g6 30. Nd7 Qc7 31. Nxc5 Qxc5 32. Qd8 Kf8 33. Nd6 Qxd6 34. Qxc8 Qg3 35. b6 Kg7 36. b7 Nd6 37. b8=Q 1-0

[Event "Sheikh Russel GM 2021"]
[Site "Dhaka"]
[Date "2021.10.24"]
[Round "6.22"]
[White "Mohammad Minhaz Uddin"]
[Black "Savchenko, Stanislav"]
[Result "0-1"]
[ECO "B80"]
[WhiteElo "2264"]
[BlackElo "2473"]
[Annotator "ChessBase"]
[PlyCount "82"]
[EventDate "2021.10.19"]
[EventType "swiss"]
[EventCountry "BAN"]
[SourceTitle "playchess.com"]
[Source "ChessBase"]
[SourceQuality "1"]
[TimeControl "40/5400+30:1800+30"]

1. e4 c5 2. Nf3 d6 3. d4 cxd4 4. Nxd4 Nf6 5. Nc3 a6 6. g3 e6 7. Bg2 Be7 8. O-O Qc7 9. Be3 Nc6 10. Nxc6 bxc6 11. Na4 Rb8 12. c4 c5 13. b3 Bb7 14. Qd3 Ng4 15. Bf4 Ne5 16. Bxe5 dxe5 17. Rad1 Rd8 18. Qc2 O-O 19. Nc3 Qa5 20. Rxd8 Rxd8 21. Bf3 Bc6 22. Kg2 g6 23. h4 h5 24. Rd1 Rd4 25. Rxd4 cxd4 26. Na4 Ba3 27. Kf1 Qb4 28. Be2 f5 29. Bd3 Qb7 30. f3 Qf7 31. Kg2 f4 32. Qd2 Qc7 33. Nb2 fxg3 34. Kxg3 Qf7 35. Nd1 Be7 36. Nf2 Qf6 37. Qg5 Qg7 38. Qd2 g5 39. Nh1 g4 40. Nf2 gxf3+ 41. Kxf3 Bxh4 0-1

[Event "Sheikh Russel GM 2021"]
[Site "Dhaka"]
[Date "2021.10.24"]
[Round "6.24"]
[White "Pranav Vijay"]
[Black "Sourath Biswas"]
[Result "1/2-1/2"]
[ECO "B12"]
[WhiteElo "2265"]
[BlackElo "2270"]
[Annotator "ChessBase"]
[PlyCount "95"]
[EventDate "2021.10.19"]
[EventType "swiss"]
[EventCountry "BAN"]
[SourceTitle "playchess.com"]
[Source "ChessBase"]
[SourceQuality "1"]
[TimeControl "40/5400+30:1800+30"]

1. e4 c6 2. d4 d5 3. e5 Bf5 4. Nf3 e6 5. Be2 c5 6. Be3 Qb6 7. Nc3 Nc6 8. O-O Qxb2 9. Qb1 Qxb1 10. Raxb1 O-O-O 11. Bb5 c4 12. Ba4 h6 13. Nh4 Bh7 14. f4 Be7 15. Nf3 Nb8 16. g4 h5 17. g5 a6 18. Nh4 Kc7 19. f5 b5 20. f6 gxf6 21. exf6 Nxf6 22. Bf4+ Bd6 23. Bxd6+ Rxd6 24. Bxb5 Nfd7 25. Rxf7 axb5 26. Nxb5+ Kc6 27. Na7+ Kc7 28. Nb5+ Kc6 29. Nf3 Bxc2 30. Rb2 c3 31. Ne5+ Kb6 32. Nxc3+ Ka6 33. Nb5 Nxe5 34. dxe5 Rd7 35. Rxd7 Nxd7 36. Nc7+ Ka5 37. Rxc2 Rc8 38. Rc6 Nxe5 39. Ra6+ Kb4 40. Nxe6 Rc2 41. Nd4 Rd2 42. Re6 Kc4 43. Rxe5 Kxd4 44. g6 Kxe5 45. g7 Rd4 46. h3 Rd1+ 47. Kg2 Rd2+ 48. Kg1 1/2-1/2

[Event "Sheikh Russel GM 2021"]
[Site "Dhaka"]
[Date "2021.10.27"]
[Round "9.1"]
[White "Rasulov, Vugar"]
[Black "Krasenkow, Michal"]
[Result "0-1"]
[ECO "B33"]
[WhiteElo "2452"]
[BlackElo "2578"]
[Annotator "ChessBase"]
[PlyCount "140"]
[EventDate "2021.10.19"]
[EventType "swiss"]
[EventCountry "BAN"]
[SourceTitle "playchess.com"]
[Source "ChessBase"]
[SourceQuality "1"]
[TimeControl "40/5400+30:1800+30"]

1. e4 c5 2. Nf3 Nc6 3. d4 cxd4 4. Nxd4 Nf6 5. Nc3 e5 6. Ndb5 d6 7. Bg5 a6 8. Na3 b5 9. Nd5 Be7 10. Bxf6 Bxf6 11. c4 b4 12. Nc2 a5 13. Be2 O-O 14. O-O Bg5 15. Qd3 Be6 16. Rfd1 g6 17. Bf3 Qb8 18. b3 Qa7 19. Qe2 Nd4 20. Nxd4 exd4 21. e5 Bxd5 22. cxd5 dxe5 23. Qxe5 Bh6 24. d6 Rad8 25. Bg4 d3 26. Qd5 d2 27. d7 Bg7 28. Rab1 Bc3 29. Bh3 Kg7 30. Qd6 f5 31. Qe7+ Kh8 32. Rxd2 Bxd2 33. Qe5+ Kg8 34. Qe6+ Kg7 35. Qe7+ Rf7 36. Qxd8 Rxd7 37. Qe8 Bc3 38. Rf1 Rd2 39. g4 fxg4 40. Bxg4 Rxa2 41. Be6 Qc5 42. Qd7+ Kh6 43. Bg8 Bg7 44. Bd5 Bf6 45. Bg8 Qe7 46. Qh3+ Bh4 47. Bd5 Qg5+ 48. Bg2 Qf4 49. Qf3 Qxf3 50. Bxf3 Kg5 51. Bd5 Kf4 52. Kg2 Rd2 53. Bg8 h6 54. Bf7 g5 55. h3 Ke4 56. Bg8 Kd3 57. Kf3 Kc2 58. Ra1 Rxf2+ 59. Kg4 Rf4+ 60. Kh5 Rf3 61. Ra2+ Kc3 62. Rxa5 Rxh3 63. Kg4 Rh2 64. Rc5+ Kb2 65. Re5 h5+ 66. Kf5 g4 67. Kg6 g3 68. Bd5 Rd2 69. Kxh5 g2 70. Bxg2 Rxg2 0-1

[Event "Sheikh Russel GM 2021"]
[Site "Dhaka"]
[Date "2021.10.27"]
[Round "9.14"]
[White "Hossain, Enamul"]
[Black "Pranav Vijay"]
[Result "0-1"]
[ECO "E32"]
[WhiteElo "2396"]
[BlackElo "2265"]
[Annotator "NA"]
[PlyCount "140"]
[EventDate "2021.10.19"]
[EventType "swiss"]
[EventCountry "BAN"]
[SourceTitle "playchess.com"]
[Source "ChessBase"]
[SourceQuality "1"]
[TimeControl "40/5400+30:1800+30"]

1. d4 Nf6 2. c4 e6 3. Nc3 Bb4 4. Qc2 O-O 5. e4 d6 6. e5 dxe5 7. dxe5 Ng4 8. Nf3 Nc6 9. Bf4 Nd4 10. Qd3 {[%emt 0:03:11] [#]} f6 $1 11. Qxd4 Qxd4 12. Nxd4 fxe5 13. Nxe6 Bxe6 14. Bg3 Bc5 15. Ne4 Bd4 16. Rb1 (16. Bd3 $1 $11 {keeps the balance.}) 16... Nf6 17. Nxf6+ gxf6 18. Bd3 Rad8 $17 19. Ke2 f5 20. b3 Rd7 21. Bh4 Rg7 22. g3 c5 23. f3 Bd7 24. Rhf1 Rg6 25. Kd2 Rh6 26. Rbe1 Kf7 27. Re2 Rg8 28. Rfe1 Rxh4 29. gxh4 Kf6 30. Bc2 Rg6 31. Bd1 b5 32. Bc2 b4 33. Rf1 Rh6 34. Rg2 Be6 35. Ke2 Rxh4 36. Bd3 Bf7 37. Kd1 Be3 38. Ke2 Bd4 39. Kd1 Rh3 40. Be2 Bg6 41. Kd2 Bh5 42. Bd1 Rh4 43. Be2 Bg6 44. Kc2 a5 45. Kd2 Bf7 46. Kc2 Be8 47. Kd2 a4 48. Kc2 Bc6 49. Kd2 Rh3 50. Bd1 a3 51. Be2 e4 52. fxe4 Bxe4 53. Rg8 Kf7 54. Rg4 Ke7 55. Rxe4+ fxe4 56. Rf5 Rxh2 57. Rh5 Rxh5 58. Bxh5 Kf6 59. Ke2 Kg5 60. Bf7 h5 61. Bd5 Kf4 62. Bf7 h4 63. Be6 Bf6 64. Bh3 Bg5 65. Bg2 Ke5 66. Kd1 Kd4 67. Kc2 Ke3 68. Kd1 Kd3 69. Bh3 Kc3 70. Bg2 e3 0-1

[Event "Sheikh Russel GM 2021"]
[Site "Dhaka"]
[Date "2021.10.27"]
[Round "9.18"]
[White "Lodhi, Mahmood"]
[Black "Das, Sayantan"]
[Result "1/2-1/2"]
[ECO "E62"]
[WhiteElo "2315"]
[BlackElo "2444"]
[Annotator "NA"]
[PlyCount "149"]
[EventDate "2021.10.19"]
[EventType "swiss"]
[EventCountry "BAN"]
[SourceTitle "playchess.com"]
[Source "ChessBase"]
[SourceQuality "1"]
[TimeControl "40/5400+30:1800+30"]

1. d4 Nf6 2. Nf3 g6 3. g3 Bg7 4. Bg2 O-O 5. O-O d6 6. c4 Nc6 7. Nc3 e5 8. dxe5 dxe5 {[%emt 0:00:56] 8...dxe5 scores better than 8...Nxe5.} 9. Bg5 Be6 10. Nd5 Re8 11. Nd2 Bxd5 12. cxd5 Ne7 13. Bxf6 Bxf6 14. Ne4 Nf5 {[%emt 0:01:21] [#]} 15. e3 $146 ({Predecessor:} 15. Rc1 Bg7 16. e3 Nd6 17. Qb3 Rb8 18. Rc2 Nxe4 19. Bxe4 Bf8 20. Qa4 a6 21. Bg2 {½-½ (60) Vakhidov,J-Lukovic,V (1924) Kemer 2007}) 15... Nd6 16. Qb3 Rb8 17. Nxd6 cxd6 18. Rac1 Qd7 19. Rc4 Bd8 20. h4 Bb6 21. Kh2 f5 22. e4 Rf8 23. Bh3 Qg7 24. f4 Rbe8 $11 25. Qc2 exf4 26. Rxf4 Qe5 27. Qc3 Qxc3 28. bxc3 Re5 29. Bg2 Bc5 30. exf5 gxf5 31. a4 b6 32. Rf1 Kg7 33. g4 h5 34. gxh5 Rh8 35. Bf3 Kf6 36. h6 Rxh6 37. h5 Rh8 38. Rh4 Be3 39. Rh3 f4 40. Re1 Rg5 41. Re2 Rh6 42. Rg2 Re5 43. Re2 Re8 44. c4 Rc8 45. Rc2 Ke5 46. Be2 Kd4 47. Ra2 Rg8 48. a5 bxa5 49. Rxa5 Rb8 50. Kg2 Rg8+ 51. Kh2 Rb8 52. Kg2 Ke5 53. Ra2 Rb3 54. Rxa7 Kf6 55. Rd7 Rb2 56. Kf3 Bc5 57. Rd8 Ke7 58. Rg8 Rf6 59. Rg7+ Kf8 60. Rg6 Rf7 61. h6 Rb3+ 62. Kg2 Rxh3 63. Kxh3 f3 64. Bf1 Ke7 65. Kg3 f2 66. Re6+ Kd7 67. Kg4 Bd4 68. Re4 Bb2 69. Kg5 Rf3 70. h7 Rg3+ 71. Kh4 Rg6 72. Bh3+ Kd8 73. Re6 Rxe6 74. dxe6 Ke7 75. Bf1 1/2-1/2

[Event "Sheikh Russel GM 2021"]
[Site "Dhaka"]
[Date "2021.10.27"]
[Round "9.19"]
[White "Gleizerov, Evgeny"]
[Black "Alinasab, Mobina"]
[Result "1-0"]
[ECO "E04"]
[WhiteElo "2443"]
[BlackElo "2309"]
[Annotator "NA"]
[PlyCount "97"]
[EventDate "2021.10.19"]
[EventType "swiss"]
[EventCountry "BAN"]
[SourceTitle "playchess.com"]
[Source "ChessBase"]
[SourceQuality "1"]
[TimeControl "40/5400+30:1800+30"]

1. d4 d5 2. c4 e6 3. Nf3 Nf6 4. g3 dxc4 5. Bg2 c6 6. Ne5 Bb4+ 7. Nc3 Nd5 8. Bd2 a5 (8... Nb6 $11) 9. Nxc4 O-O 10. O-O Nd7 11. e4 N5b6 12. Nxb6 Nxb6 13. a3 Be7 14. Be3 Nc4 15. Qe2 Nxe3 16. Qxe3 Qb6 {[%emt 0:00:08] [#]} (16... e5 $5 17. dxe5 a4 $11) 17. e5 $1 f6 ({Don't go for} 17... Qxb2 $2 18. Rfb1 $18) 18. Na4 Qb5 19. b3 $16 Qa6 20. Rfc1 Qa7 21. f4 fxe5 22. fxe5 Rd8 23. Nc5 b6 24. Nd3 Bb7 25. Nf4 Bg5 26. Bxc6 b5 27. Bxb7 Qxb7 28. Rc5 Rd7 29. Rf1 Qb6 30. Qe4 Rf8 31. Ne2 Re8 32. Qf3 g6 33. Rc6 Qd8 34. Qd3 Qb8 35. Rc5 b4 36. a4 Qa7 37. Qe4 Bd8 38. Rc4 Bb6 39. Kg2 Red8 40. Qc6 Re7 41. Nf4 Qa8 42. Rf3 Rde8 43. Qxb6 g5 44. Qc6 gxf4 45. Qxa8 Rxa8 46. Rxf4 Rd8 47. Kf3 Kg7 48. Rc5 h5 49. Ke3 1-0

[Event "Sheikh Russel GM 2021"]
[Site "Dhaka"]
[Date "2021.10.27"]
[Round "9.22"]
[White "Harikrishnan.A.Ra"]
[Black "Nandhidhaa, P V"]
[Result "*"]
[ECO "A74"]
[WhiteElo "2429"]
[BlackElo "2318"]
[Annotator "NA RC"]
[PlyCount "53"]
[EventDate "2021.10.19"]
[EventType "swiss"]
[EventCountry "BAN"]
[SourceTitle "playchess.com"]
[Source "ChessBase"]
[SourceQuality "1"]
[TimeControl "40/5400+30:1800+30"]

1. d4 Nf6 2. c4 e6 3. Nf3 c5 4. d5 exd5 5. cxd5 d6 6. Nc3 g6 7. e4 Bg7 8. Nd2 O-O 9. Be2 Nbd7 10. O-O a6 11. a4 Rb8 12. Nc4 Nb6 13. Na3 Re8 14. Bf3 Nbd7 15. Bf4 Ne5 16. Be2 Bd7 17. Bg3 (17. Re1 $11) 17... b5 $1 18. axb5 axb5 $15 19. Naxb5 Nxe4 20. Nxe4 Bxb5 21. Bxb5 Rxb5 22. Ra6 Rb6 23. Qa4 Rb4 24. Qc2 Rxb2 25. Qa4 Rb4 26. Qc2 Rb2 27. Qa4 *